AoeStats
← Yock

Arabia

506813179Analyzed
1v1 RM · 18d ago on Sep 15, 2026· 20m 49s· 2 players
Game mode
Random Map
Map size
Tiny (2 player)
Population
200
Speed
Normal
Resources
Standard
Victory
Conquest
Starting age
Dark Age
Ending age
Imperial Age
RankedLock teamsTeams togetherTeam positionsShared explorationLock speedFull tech treeHidden civsTurbo modeCheats
Victory
Defeat
🇨🇳 Goths · China
398
+23
🇦🇺 Persians · Australia
558
-23
fake2
8:03 Loom
10:14 Feudal Age
10:27 Man-at-Arms
12:35 Double-Bit Axe
12:55 Horse Collar
16:50 Forging
16:42 Scale Mail Armor
Yock
3:29 Loom
12:39 Feudal Age
15:12 Horse Collar
16:29 Wheelbarrow
Connection lost

Rejoining the realm…

Still unreachable

The connection could not be restored.

Session expired

The server has moved on; the page needs a fresh start.